 Dungeon Crawl Stone Soup version 0.30.0-12-gd5a94ecb5d (webtiles) character file.

Game seed: 11595470684008764753

104 Labrat the Conjurer (level 5, -4/35 HPs)
             Began as a Human Conjurer on May 17, 2023.
             Killed from afar by Ijyb (5 damage)
             ... with a puff of flame
             ... on level 3 of the Dungeon.
             The game lasted 00:05:42 (2911 turns).

Labrat the Conjurer (Human Conjurer)                Turns: 2911, Time: 00:05:43

Health: -4/35      AC:  3    Str:  7    XL:     5   Next: 7%
Magic:  1/9        EV: 12    Int: 21    God:
Gold:   101        SH:  0    Dex: 11    Spells: 3/10 levels left

rFire   . . .        c - +0 spear (venom)
rCold   . . .        (no shield)
rNeg    . . .        a - +0 robe
rPois   .            (no helmet)
rElec   .            (no cloak)
rCorr   .            j - +0 pair of gloves
SInv    .            (no boots)
Will    .....        (no amulet)
Stlth   ++           (no ring)
HPRegen 0.25/turn    (no ring)
MPRegen 0.11/turn

%: no passive effects
@: no status effects
A: no striking features
a: no special abilities


You were on level 3 of the Dungeon.
You visited 1 branch of the dungeon, and saw 3 of its levels.

You collected 101 gold pieces.

Inventory:

Hand Weapons
 c - a +0 spear of venom (weapon)
 e - a +1 dagger of speed
Missiles
 d - 3 silver javelins
Armour
 a - a +0 robe (worn)
 j - a +0 pair of gloves (worn)
Jewellery
 o - a ring of wizardry
Wands
 m - a wand of flame (8)
Scrolls
 g - a scroll of teleportation {unknown}
 h - a scroll of enchant armour {unknown}
 k - a scroll of blinking {unknown}
 l - a scroll of identify {unknown}
 n - a scroll of brand weapon {unknown}
Potions
 b - a potion of magic
 f - a potion of curing {unknown}
 i - a potion of might {unknown}


   Skills:
 - Level 0.2 Polearms
 - Level 2.0 Dodging
 - Level 2.0 Stealth
 + Level 3.1 Spellcasting
 + Level 5.3 Conjurations


You had 3 spell levels left.
You knew the following spells:

 Your Spells              Type           Power      Damage    Failure   Level
a - Magic Dart            Conj           100%       1d8       1%          1
b - Searing Ray           Conj           50%        2d6       2%          2
c - Iskenderun's Mystic   Conj/Tloc      14%        2d5       41%         4

Your spell library contained the following spells:

 Spells                   Type           Power      Damage    Failure   Level
 Dazzling Flash           Conj/Hex       28%        N/A       13%         3
 Blink                    Tloc           6%         N/A       21%         2
 Gell's Gravitas          Tloc           3%         N/A       36%         3
 Teleport Other           Tloc           3%         N/A       36%         3
 Fulminant Prism          Conj/Hex       7%         3d6       41%         4
 Manifold Assault         Tloc           3%         N/A       78%         4
 Dispersal                Tloc           1%         N/A       100%        6
 Storm Form               Tmut/Air       1%         N/A       100%        7


Dungeon Overview and Level Annotations

Branches:
Dungeon (3/15)

Altars:

Shops:
D:2 !

Annotations:
D:3 Ijyb


Message History

(Press . to maintain the ray.) Ijyb hits you but does no damage.
The searing ray hits Ijyb but does no damage.
Ijyb is lightly wounded.
Ijyb barely misses you.
The searing ray hits Ijyb.
Ijyb is moderately wounded.
Ijyb hits you with a +0 club.
Without enough magic to sustain it, your searing ray dissipates.
Ijyb screams, "Me stronger than you!" Ijyb hits you with a +0 club.
Unknown command.
You hit Ijyb but do no damage.
Ijyb is lightly wounded.
Ijyb completely misses you.
You hit Ijyb.
Ijyb is poisoned.
Ijyb is moderately wounded.
Ijyb barely misses you.
You barely miss Ijyb.
Ijyb is heavily wounded.
Ijyb hits you with a +0 club.
You closely miss Ijyb.
Ijyb is heavily wounded.
Ijyb hits you with a +0 club.
You closely miss Ijyb.
Ijyb is heavily wounded.
Ijyb barely misses you.
You closely miss Ijyb.
Ijyb is severely wounded.
Ijyb zaps a wand.
The puff of flame hits you!
You closely miss Ijyb.
Ijyb is severely wounded.
Ijyb zaps a wand.
The puff of flame hits you!
* * * LOW HITPOINT WARNING * * *
Unknown command.
Aiming: Throw Flame
Press: ? - help, Shift-Dir - straight line, f/p - Ijyb
Aim: Ijyb, wielding a +0 club, wearing a +0 leather armour and carrying a wand of flame (16) (severely wounded, poisoned, 60% to hit)
The puff of flame misses Ijyb.
Ijyb zaps a wand.
The puff of flame hits you.
You die...

.#.# #..#
#..#
#..###...
#....g...
#.# #†#
#g#####
#@..<.#
#####.#


You could see Ijyb (poisoned).

Vanquished Creatures
  4 adders (D:2)
  3 worms (D:2)
  2 dart slugs
  8 ball pythons
  2 endoplasms (D:2)
  A giant cockroach (D:2)
  8 goblins
  7 hobgoblins
  4 jackals (D:1)
  2 quokkas
  7 bats
  A frilled lizard (D:1)
  4 kobolds
  2 rats
55 creatures vanquished.

Notes
Turn   | Place    | Note
-------+----------+-------------------------------------------
     0 | D:1      | Labrat the Human Conjurer began the quest for the Orb.
     0 | D:1      | Reached XP level 1. HP: 13/13 MP: 3/3
   288 | D:1      | Reached XP level 2. HP: 19/19 MP: 3/5
   599 | D:1      | Learned a level 2 spell: Searing Ray
   640 | D:1      | Reached XP level 3. HP: 21/24 MP: 1/6
   752 | D:1      | Found a faded altar of an unknown god.
  1636 | D:2      | Reached XP level 4. HP: 30/30 MP: 4/7
  1641 | D:2      | Learned a level 4 spell: Iskenderun's Mystic Blast
  1685 | D:2      | Reached skill level 5 in Conjurations
  2123 | D:2      | Found a transporter.
  2125 | D:2      | Found Dilemal's Distillery.
  2272 | D:2      | Reached XP level 5. HP: 35/35 MP: 7/9
  2573 | D:2      | Found a transporter.
  2891 | D:3      | Noticed Ijyb
  2910 | D:3      | HP: 1/35 [Ijyb/puff of flame (10)]
  2911 | D:3      | Killed from afar by Ijyb

Illustrated notes

Levels and vault maps discovered:
D:1:      enne_arrival_octagon_isle, layout_loops_ring,
          shapermc_ecumenical_altar_mp_highgroup, serial_forest,
          infiniplex_forest_clump_small, infiniplex_forest_clump_small,
          infiniplex_forest_straight_5, infiniplex_forest_straight_2,
          infiniplex_forest_clump_tiny
D:2:      minmay_diamond_boxcup, layout_basic, serial_shops,
          nicolae_shop_drivethru
D:3:      layout_loops_ring, serial_shops, shop, minmay_circle_x, uniq_ijyb

Skill      XL: |  1  2  3  4 |
---------------+-------------+-----
Conjurations   | 5 |  5.3
Spellcasting   | 3 |  3.1
Polearms       | |  0.2
Dodging        | |  2.0
Stealth        | |  2.0

Action                     |  1- 3 |  4- 6 || total
---------------------------+-------+-------++-------
  Melee: Spear             |    24 |    27 ||    51
   Cast: Magic Dart        |    55 |    39 ||    94
         Searing Ray       |       |     4 ||     4
  Evoke: Wand              |       |     1 ||     1
   Stab: Sleeping          |     1 |     1 ||     2
 Armour: Robe              |     4 |     4 ||     8
  Dodge: Dodged            |    12 |    19 ||    31
